 Dungeon Crawl Stone Soup version 0.31-a0-182-gc5ef74bbde (webtiles) character file.

Game seed: 18031961119725668098

195732 qw the Severer (level 18, -6/123 HPs)
             Began as a Gargoyle Fighter on June 21, 2023.
             Was a High Priest of Okawaru.
             Killed by divine providence
             ... invoked by a smoke demon
              (8 damage)
             ... on level 1 of the Abyss.
             The game lasted 00:19:01 (32628 turns).

qw the Severer (Gargoyle Fighter)                  Turns: 32628, Time: 00:19:02

Health: -6/123     AC: 44    Str: 35    XL:     18   Next: 79%
Magic:  25/25      EV: 19    Int:  7    God:    Okawaru [*****.]
Gold:   1036       SH: 15    Dex: 12    Spells: 17/17 levels left

rFire   + . .        L - +5 war axe of Bimefili {speed, Str+3 Int+3}
rCold   x . .        u - +0 kite shield {reflect}
rNeg    + . .        m - +8 chain mail "Sad Yne" {rCorr}
rPois   inf          r - +2 hat
rElec   +            z - +0 cloak {Will+}
rCorr   +            D - +1 pair of gloves
SInv    .            I - +0 pair of boots
Will    ++++.        q - amulet "Ruetey Moad" {Faith Dex+2} Stlth
                     i - +5 ring of evasion
HPRegen 0.40/turn    v - ring of the Fifty Things {Fire Will++ Int-4 Dex+4}
MPRegen 0.19/turn

%: reflection, clarity, faith
@: about to teleport, heroic, flying
A: sickness immunity, AC +13, big wings, negative energy resistance 1,
electricity resistance, torment resistance 1, petrification resistance, clarity,
clumsy 1, strong 1
a: Renounce Religion, Heroism, Finesse, Duel


You were on level 1 of the Abyss.
You worshipped Okawaru.
Okawaru was extremely pleased with you.
You visited 5 branches of the dungeon, and saw 29 of its levels.
You visited the Abyss 1 time.

You collected 3666 gold pieces.
You spent 2630 gold pieces at shops.


Innate Abilities, Weirdness & Mutations

You are immune to sickness and miasma.
Your stone body is resilient. (AC +13)
You are immune to poison.
Your large and strong wings let you fly.
You resist negative energy. (rN+)
You are resistant to electric shocks. (rElec)
You are resistant to unholy torment.
You are immune to petrification.
You possess an exceptional clarity of mind.
You are clumsy. (Dex -2)
Your muscles are strong. (Str +4, Int/Dex -1)


   Skills:
 + Level 17.0(22.0) Fighting
 - Level 18.0(23.0) Axes
 - Level 8.1(13.1) Throwing
 - Level 13.0(18.0) Armour
 - Level 6.0(11.0) Dodging
 - Level 16.0(21.0) Shields
 - Level 10.0 Invocations


You had 17 spell levels left.
You didn't know any spells.
Your spell library was empty.

Inventory:

Hand Weapons
 j - a +4 heavy broad axe
 L - the +5 war axe of Bimefili (weapon) {speed, Str+3 Int+3}
   (You found it on level 1 of the Snake Pit)

   Str:       It affects your strength (+3).
   Int:       It affects your intelligence (+3).
Missiles
 w - 2 javelins (quivered)
 y - a silver boomerang
 G - 2 boomerangs
Armour
 h - a +2 chain mail of fire resistance
 m - the +8 chain mail "Sad Yne" (worn) {rCorr}
   (Okawaru gifted it to you on level 1 of the Snake Pit)

   rCorr:     It protects you from acid and corrosion.
 r - a +2 hat (worn)
 u - a +0 kite shield of reflection (worn)
 z - a +0 cloak of willpower (worn)
 D - a +1 pair of gloves (worn)
 F - the +6 scale mail of the Secret Suns {rC+}
   (You found it on level 12 of the Dungeon)

   rC:        It protects you from cold.
 I - a +0 pair of boots (worn)
Jewellery
 e - an amulet of reflection
 i - a +5 ring of evasion (left hand)
 q - the amulet "Ruetey Moad" (around neck) {Faith Dex+2}
   (You bought it in a shop on level 2 of the Orcish Mines)

   [amulet of faith]

   It allows you to gain divine favour quickly.
   Dex:       It affects your dexterity (+2).
 v - the ring of the Fifty Things (right hand) {Fire Will++ Int-4 Dex+4}
   (You found it on level 3 of the Snake Pit)

   [ring of fire]

   It enhances your fire magic.
   Int:       It affects your intelligence (-4).
   Dex:       It affects your dexterity (+4).
   rF:        It protects you from fire.
   rC:        It makes you vulnerable to cold.
   Will:      It greatly increases your willpower.
 x - a ring of resist corrosion
 C - a ring of protection from cold
 E - a ring of protection from fire
 H - the amulet "Nywiph" {rF- rC+++ Regen+ rCorr SInv}
   (You bought it in a shop on level 2 of the Orcish Mines)

   [amulet of regeneration]

   rF:        It makes you vulnerable to fire.
   rC:        It renders you almost immune to cold.
   SInv:      It lets you see invisible.
   Regen:     It increases your rate of health regeneration.
   rCorr:     It protects you from acid and corrosion.
 J - a ring of protection from cold
 K - a ring of resist corrosion
 M - the amulet "Himiom" {Spirit rC++ Will- Dex+4}
   (You found it on level 1 of the Swamp)

   [amulet of guardian spirit]

   It causes incoming damage to be divided between your reserves of health and
   magic.
   Dex:       It affects your dexterity (+4).
   rC:        It greatly protects you from cold.
   Will:      It decreases your willpower.
 Y - a +6 ring of strength
Wands
 c - a wand of digging (5)
Scrolls
 b - 15 scrolls of identify
 g - 7 scrolls of teleportation
 s - 2 scrolls of enchant weapon
Potions
 a - 3 potions of mutation
 d - 8 potions of might
 f - 5 potions of lignification
 k - 3 potions of magic
 l - a potion of haste
 n - 13 potions of curing
 o - 6 potions of attraction
 t - a potion of cancellation {unknown}
 A - 3 potions of enlightenment
 B - 2 potions of resistance

Dungeon Overview and Level Annotations

Branches:
Dungeon (15/15)            Temple (0/1) D:6            Lair (5/5) D:9
  Swamp (3/4) Lair:3        Snake (4/4) Lair:3        Slime (0/5) Lair:4
    Orc (2/2) D:11            Elf (0/3) Orc:2        Vaults (0/5) D:13
 Depths (0/4) D:15

Altars:
Ashenzari
Cheibriados
Elyvilon
Fedhas
Hepliaklqana
Nemelex Xobeh
Okawaru
Ru
Sif Muna
Trog
Uskayaw
Vehumet
Wu Jian
Xom
Yredelemnul

Shops:
D:4 :   D:6 (   Orc:2 =[*(=   Snake:1 ((   Snake:3 [   Snake:4 *

Annotations:
D:3 1 runed translucent door, qw's ghost, amateur GrFi
D:10 4 transporters, 1 runed translucent door, irqconflict's ghost, novice DrCj
Lair:5 2 transporters, qw's ghost, journeyman GrFi
Swamp:1 3 runed translucent doors, qw's ghost, adept GrFi; qw's ghost, adept GrHu
Snake:3 2 runed translucent doors, Bunnuime's ghost, adept DECj


Message History

You hit the starcursed mass.
The starcursed mass is almost destroyed.
You hit the smoke demon but do no damage.
You hit the starcursed mass.
The starcursed mass shudders and withdraws towards its neighbour. x2
The starcursed mass shudders and is absorbed by its neighbour.
A starcursed mass splits.
You hit the starcursed mass but do no damage.
The starcursed mass is severely damaged.
You barely miss the smoke demon.
You block the smoke demon's attack. x2; The smoke demon closely misses you.
You slice the starcursed mass!!
You destroy the starcursed mass!
Okawaru accepts your kill.
You barely miss the smoke demon. You slice the starcursed mass!!
The starcursed mass shudders and is absorbed by its neighbour.
A deafening chorus of shrieks assaults your mind!
You shrug off the repeated paralysis!
You hit the starcursed mass.
The starcursed mass is almost destroyed.
You slice the smoke demon!!
The starcursed mass shudders and withdraws towards its neighbour. x4
You block the smoke demon's attack.
The smoke demon hits you but does no damage. x2
You slice the starcursed mass!!
You destroy the starcursed mass!
Okawaru accepts your kill.
You slash the starcursed mass! You slash the smoke demon!
You kill the smoke demon!
Okawaru accepts your kill.
The starcursed mass shudders and is absorbed by its neighbour.
Your base Shields skill increases to level 16!
You slash the starcursed mass!
You destroy the starcursed mass!
Okawaru accepts your kill. A chorus of shrieks assaults your mind.
You block the starcursed mass's attack. The smoke demon gestures at you.
Something smites you!
You die...

7. #.ยค# .
...# .
#...## # .
.##.....# ..
##....... #
77#....(#..#
#> .
#X.#.X...#
### #X.@# ##
. .#...#.# #
.#....#.#3(#
..# #..#.# #
.. .. X###.#
. . # .# #..
# .. ... #
... #.. .# .
#. 4#


You could see 3 starcursed masses and a smoke demon.

Vanquished Creatures
  Saint Roka (Snake:2)
  Vashnia (Snake:3)
  Gastronok (Lair:1)
  Agnes (Snake:4)
  Donald (Swamp:2)
  A thorn hunter (Swamp:3)
  2 nagarajas
  A cacodemon (Abyss:1)
  A quicksilver ooze (Lair:4)
  A stone giant (Orc:2)
  3 eleionomae
  Nessos (D:12)
  Azrael (Snake:3)
  A deep elf demonologist (Abyss:1)
  Snorg (Orc:2)
  4 ettins
  Josephine (Lair:3)
  3 salamander tyrants (Snake:4)
  5 hydras
  4 vault guards (D:13)
  2 ghost crabs
  7 centaur warriors
  4 catoblepae
  12 death yaks (Lair:5)
  Erica (Lair:2)
  14 anacondas
  2 two-headed ogres
  2 boulder beetles
  14 alligators
  8 naga warriors
  8 shock serpents
  17 naga sharpshooters
  2 thrashing horrors (Abyss:1)
  A hell knight (D:15)
  A skyshark (Lair:1)
  Amaemon (D:10)
  2 wretched stars (Abyss:1)
  Lodul (D:12)
  A sun demon (Abyss:1)
  7 salamander mystics
  A sixfirhy (Abyss:1)
  4 goliath frogs
  7 skeletal warriors
  A spriggan druid (Swamp:3)
  A deep troll (D:15)
  4 swamp dragons
  5 sea snakes
  4 bog bodies
  5 naga ritualists
  A necromancer (D:15)
  A wizard (D:15)
  2 deep elf pyromancers
  18 ugly things
  9 mana vipers
  A deep elf zephyrmancer (D:15)
  An oklob plant (Snake:3)
  3 manticores
  A will-o-the-wisp (Swamp:1)
  16 salamanders
  10 cyclopes
  8 centaur zombies (D:10)
  18 elephants
  13 naga magi
  2 smoke demons (Abyss:1)
  38 black mambas
  5 guardian serpents
  3 gargoyles
  8 cane toads
  An orange demon (D:10)
  Maggie (D:6)
  2 unseen horrors
  2 unseen horror zombies (D:10)
  9 yaktaurs
  Psyche (D:12)
  4 komodo dragons
  6 rime drakes
  2 efreet
  A troll (D:10)
  2 polar bears
  A queen bee (shapeshifter) (D:13)
  7 hornets
  14 tyrant leeches
  18 blink frogs
  A hellwing (Abyss:1)
  3 bloated husks
  6 dream sheep (Lair:5)
  Sigmund (D:5)
  A meliai zombie (D:10)
  A shadow (D:11)
  6 spriggans
  11 slime creatures
  A ynoxinul (Abyss:1)
  9 wraiths
  4 wyverns
  43 yaks
  7 fire elementals (Snake:3)
  A small abomination (Abyss:1)
  9 basilisks
  A chaos spawn (Abyss:1)
  8 vampire mosquitoes
  3 wargs
  29 nagas
  11 swamp worms
  5 acid dragons
  A hell hound (Snake:3)
  18 water moccasins
  Edmund (D:6)
  11 orc warriors
  A swamp drake (Swamp:1)
  2 black bears
  2 ice beasts
  21 ogres
  7 phantoms
  14 wolves
  20 centaurs
  8 kobold brigands
  15 bullfrogs
  3 gnoll sergeants
  7 scorpions
  10 wights
  8 killer bees
  16 howler monkeys
  7 electric eels
  6 hounds
  5 jellies
  A gnoll bouda (D:7)
  20 orc priests
  4 starcursed masses (Abyss:1)
  Jessica (D:3)
  An iguana (D:6)
  31 orc wizards
  A statue (D:9)
  20 gnolls
  5 adders
  A shadow imp (D:6)
  2 worms (D:3)
  3 dart slugs
  66 orcs
  9 endoplasms
  6 giant cockroaches
  9 goblins
  6 hobgoblins
  2 jackals (D:1)
  18 kobolds
  2 quokkas
  9 ball pythons
  3 bats
  2 frilled lizards (D:2)
  12 rats
981 creatures vanquished.

Vanquished Creatures (others)
  A hydra (Swamp:2)
  An alligator (Swamp:2)
  A bloated husk (Swamp:3)
  A spriggan (Swamp:2)
  A swamp worm (Swamp:2)
5 creatures vanquished.

Grand Total: 986 creatures vanquished

Notes
Turn   | Place    | Note
-------+----------+-------------------------------------------
     0 | D:1      | qw the Gargoyle Fighter began the quest for the Orb.
     0 | D:1      | Reached XP level 1. HP: 14/14 MP: 1/1
     0 | D:1      | 0 ||| qw: Version: 0.3-a-9-g12657ce
     0 | D:1      | 0 ||| qw: Game counter: 1632
     0 | D:1      | 0 ||| qw: Always use a shield: true
     0 | D:1      | 0 ||| qw: God list: Okawaru
     0 | D:1      | 0 ||| qw: Allow faded altars: false
     0 | D:1      | 0 ||| qw: Do Orc after D:15 true
     0 | D:1      | 0 ||| qw: Do second Lair branch before Depths: true
     0 | D:1      | 0 ||| qw: Lair rune preference: random
     0 | D:1      | 0 ||| qw: Plans: Normal, Zot:1-4, Slime:5, God:TSO, Crypt,
                  | Tomb, Abyss, Pan, Hells, Win
     0 | D:1      | 0 ||| PLANNING D:1-11
    51 | D:1      | Reached skill level 2 in Axes
   136 | D:1      | Reached XP level 2. HP: 17/19 MP: 2/2
   185 | D:1      | 185 ||| Stepping ~*~*~tactically~*~*~ (hiding).
   186 | D:1      | 186 ||| Stepping ~*~*~tactically~*~*~ (hiding).
   188 | D:1      | 188 ||| Stepping ~*~*~tactically~*~*~ (hiding).
   332 | D:1      | 332 ||| DROPPING +0 club.
   370 | D:1      | Reached skill level 3 in Axes
   421 | D:1      | Reached XP level 3. HP: 23/23 MP: 3/3
   456 | D:1      | 456 ||| Stepping ~*~*~tactically~*~*~ (stealth).
   875 | D:1      | 875 ||| UPGRADING to +0 chain mail.
   885 | D:1      | 885 ||| DROPPING +0 scale mail.
   886 | D:1      | 886 ||| DROPPING ring of flight.
   887 | D:1      | 887 ||| READING scroll labelled NOIHEY IVUFANO.
   892 | D:1      | 892 ||| READING 2 scrolls labelled PUNNO NUENKUSK.
   893 | D:1      | 893 ||| READING scroll labelled ORPHAIT NET LAO.
   893 | D:1      | Identified a scroll of acquirement
   893 | D:1      | 893 ||| ACQUIRING +3 war axe of freezing
   893 | D:1      | Acquired a +3 war axe of freezing
   895 | D:1      | 895 ||| SWAPPING to +3 war axe of freezing.
   896 | D:1      | 896 ||| DROPPING +0 war axe.
   897 | D:1      | 897 ||| READING scroll labelled HOSTERROOMO.
   898 | D:1      | 898 ||| DROPPING scroll of immolation.
  1037 | D:2      | 1037 ||| Stepping ~*~*~tactically~*~*~ (hiding).
  1133 | D:2      | Reached XP level 4. HP: 28/28 MP: 4/4
  1316 | D:2      | Reached skill level 4 in Axes
  1541 | D:2      | Found a shimmering blue altar of Sif Muna.
  1645 | D:2      | 1645 ||| UPGRADING to amulet of reflection.
  1650 | D:2      | 1650 ||| READING scroll labelled VON PEBRIHUPRU.
  1683 | D:3      | Found a faded altar of an unknown god.
  1760 | D:3      | Found a runed translucent door.
  1765 | D:3      | Noticed qw's ghost (amateur GrFi)
  1887 | D:3      | Noticed Jessica
  1888 | D:3      | 1888 ||| Stepping ~*~*~tactically~*~*~ (hiding).
  1893 | D:3      | Killed Jessica
  1894 | D:3      | Reached XP level 5. HP: 26/32 MP: 5/5
  2040 | D:3      | 2040 ||| Stepping ~*~*~tactically~*~*~ (hiding).
  2273 | D:3      | 2273 ||| READING 2 scrolls labelled FEUQAU FIAKH.
  2274 | D:3      | 2274 ||| READING scroll labelled FULOID LOBUIS.
  2303 | D:4      | Noticed a phantom
  2309 | D:4      | Killed a phantom
  2310 | D:4      | Reached skill level 5 in Axes
  2310 | D:4      | Found Museadwe's Book Shop.
  2327 | D:4      | Reached XP level 6. HP: 37/37 MP: 6/6
  2352 | D:4      | 2352 ||| Stepping ~*~*~tactically~*~*~ (stealth).
  2378 | D:4      | 2378 ||| DROPPING +0 whip.
  2408 | D:4      | Reached skill level 6 in Axes
  2434 | D:4      | Reached skill level 1 in Dodging
  2461 | D:4      | Found a hazy altar of Hepliaklqana.
  2578 | D:4      | Reached XP level 7. HP: 38/43 MP: 7/7
  2796 | D:4      | Found a snail-covered altar of Cheibriados.
  2796 | D:4      | Found a blossoming altar of Fedhas.
  2839 | D:4      | 2839 ||| Stepping ~*~*~tactically~*~*~ (stealth).
  2923 | D:4      | 2923 ||| DRINKING 2 murky inky potions.
  2924 | D:4      | 2924 ||| READING 3 scrolls of identify.
  2924 | D:4      | 2924 ||| IDENTIFYING coppery potion
  2925 | D:4      | 2925 ||| READING 2 scrolls of identify.
  2925 | D:4      | 2925 ||| IDENTIFYING lumpy sapphire potion
  2926 | D:4      | 2926 ||| DROPPING potion of degeneration.
  2951 | D:5      | Entered Level 5 of the Dungeon
  2957 | D:5      | 2957 ||| Stepping ~*~*~tactically~*~*~ (stealth).
  2959 | D:5      | 2959 ||| Stepping ~*~*~tactically~*~*~ (hiding).
  2973 | D:5      | 2973 ||| Stepping ~*~*~tactically~*~*~ (hiding).
  3091 | D:5      | 3091 ||| Stepping ~*~*~tactically~*~*~ (hiding).
  3101 | D:5      | Reached skill level 7 in Axes
  3275 | D:5      | 3275 ||| Stepping ~*~*~tactically~*~*~ (stealth).
  3276 | D:5      | 3276 ||| Stepping ~*~*~tactically~*~*~ (stealth).
  3277 | D:5      | 3277 ||| Stepping ~*~*~tactically~*~*~ (stealth).
  3278 | D:5      | 3278 ||| Stepping ~*~*~tactically~*~*~ (stealth).
  3288 | D:5      | Reached skill level 1 in Throwing
  3288 | D:5      | Reached XP level 8. HP: 49/49 MP: 8/8
  3299 | D:5      | Noticed Sigmund
  3316 | D:5      | Killed Sigmund
  3317 | D:5      | Reached skill level 8 in Axes
  3352 | D:5      | 3352 ||| Stepping ~*~*~tactically~*~*~ (stealth).
  3353 | D:5      | 3353 ||| Stepping ~*~*~tactically~*~*~ (stealth).
  3614 | D:5      | Found a white marble altar of Elyvilon.
  3747 | D:5      | Found a sacrificial altar of Ru.
  3756 | D:5      | Found an iron altar of Okawaru.
  3757 | D:5      | 3757 ||| PLANNING OKAWARU WORSHIP
  3757 | D:5      | 3757 ||| READING scroll labelled FAMEIC HYBO.
  3758 | D:5      | 3758 ||| READING scroll labelled XUICRA MEENATZ.
  3759 | D:5      | 3759 ||| READING scroll labelled JUSTRI ZUBIE.
  3760 | D:5      | 3760 ||| DRINKING 2 puce potions.
  3760 | D:5      | Gained mutation: Your muscles are strong. (Str +4, Int/Dex
                  | -1) [potion of mutation]
  3760 | D:5      | Gained mutation: You are clumsy. (Dex -2) [potion of
                  | mutation]
  3760 | D:5      | Gained mutation: You possess an exceptional clarity of
                  | mind. [potion of mutation]
  3761 | D:5      | 3761 ||| DRINKING 2 amethyst potions.
  3762 | D:5      | 3762 ||| READING 2 scrolls of identify.
  3762 | D:5      | 3762 ||| IDENTIFYING ruby potion
  3765 | D:5      | Became a worshipper of Warmaster Okawaru
  3766 | D:5      | 3766 ||| PLANNING D:1-11
  4035 | D:5      | Reached skill level 6 in Fighting
  4164 | D:6      | Found a staircase to the Ecumenical Temple.
  4192 | D:6      | 4192 ||| Stepping ~*~*~tactically~*~*~ (hiding).
  4242 | D:6      | 4242 ||| DROPPING +0 mace.
  4255 | D:6      | Found Lyefyqoi's Weapon Shop.
  4261 | D:6      | Reached skill level 9 in Axes
  4261 | D:6      | Reached XP level 9. HP: 55/55 MP: 9/9
  4268 | D:6      | 4268 ||| BUYING +0 morningstar of protection (95 gold).
  4268 | D:6      | Bought a +0 morningstar of protection for 95 gold pieces
  4268 | D:6      | 4268 ||| DROPPING +0 flail.
  4311 | D:6      | Noticed Edmund
  4319 | D:6      | Killed Edmund
  4319 | D:6      | Reached * piety under Okawaru
  4355 | D:6      | 4355 ||| Stepping ~*~*~tactically~*~*~ (hiding).
  4358 | D:6      | 4358 ||| Stepping ~*~*~tactically~*~*~ (hiding).
  4371 | D:6      | 4371 ||| INVOKING Heroism.
  4722 | D:6      | Found an ornate altar of the Wu Jian Council.
  4761 | D:6      | 4761 ||| INVOKING Heroism.
  4938 | D:6      | Noticed Maggie
  4939 | D:6      | 4939 ||| Stepping ~*~*~tactically~*~*~ (hiding).
  4940 | D:6      | 4940 ||| Stepping ~*~*~tactically~*~*~ (hiding).
  4955 | D:6      | Killed Maggie
  5007 | D:6      | 5007 ||| INVOKING Heroism.
  5011 | D:6      | Reached skill level 1 in Invocations
  5039 | D:6      | 5039 ||| Stepping ~*~*~tactically~*~*~ (stealth).
  5041 | D:6      | 5041 ||| Stepping ~*~*~tactically~*~*~ (hiding).
  5149 | D:6      | 5149 ||| Stepping ~*~*~tactically~*~*~ (stealth).
  5151 | D:6      | 5151 ||| Stepping ~*~*~tactically~*~*~ (hiding).
  5257 | D:6      | 5257 ||| UPGRADING to +0 cloak.
  5262 | D:6      | 5262 ||| READING scroll labelled LEEDORGH CIATI.
  5318 | D:7      | 5318 ||| Stepping ~*~*~tactically~*~*~ (hiding).
  5329 | D:7      | 5329 ||| INVOKING Heroism.
  5333 | D:7      | Reached skill level 10 in Axes
  5333 | D:7      | Reached skill level 3 in Invocations
  5336 | D:7      | 5336 ||| FLEEEEING.
  5337 | D:7      | 5337 ||| FLEEEEING.
  5344 | D:7      | Reached ** piety under Okawaru
  5448 | D:7      | 5448 ||| INVOKING Heroism.
  5456 | D:7      | Reached XP level 10. HP: 64/64 MP: 9/13
  5488 | D:7      | 5488 ||| INVOKING Heroism.
  5666 | D:7      | Found a sparkling altar of Nemelex Xobeh.
  5674 | D:7      | Found a bloodstained altar of Trog.
  5750 | D:7      | Found a shimmering altar of Xom.
  6015 | D:7      | 6015 ||| FLEEEEING.
  6024 | D:7      | 6024 ||| STAIRDANCE
  6051 | D:6      | 6051 ||| DRINKING 2 fizzy golden potions.
  6062 | D:7      | 6062 ||| Stepping ~*~*~tactically~*~*~ (hiding).
  6179 | D:7      | 6179 ||| Stepping ~*~*~tactically~*~*~ (stealth).
  6197 | D:7      | 6197 ||| INVOKING Heroism.
  6204 | D:7      | 6204 ||| FLEEEEING.
  6205 | D:7      | 6205 ||| FLEEEEING.
  6206 | D:7      | 6206 ||| FLEEEEING.
  6214 | D:7      | 6214 ||| STAIRDANCE
  6362 | D:7      | 6362 ||| INVOKING Heroism.
  6366 | D:7      | Reached skill level 11 in Axes
  6372 | D:7      | 6372 ||| Stepping ~*~*~tactically~*~*~ (water).
  6417 | D:7      | 6417 ||| Stepping ~*~*~tactically~*~*~ (stealth).
  6418 | D:7      | 6418 ||| Stepping ~*~*~tactically~*~*~ (stealth).
  6427 | D:7      | 6427 ||| Stepping ~*~*~tactically~*~*~ (stealth).
  6436 | D:7      | 6436 ||| Stepping ~*~*~tactically~*~*~ (hiding).
  6437 | D:7      | 6437 ||| Stepping ~*~*~tactically~*~*~ (hiding).
  6444 | D:7      | 6444 ||| Stepping ~*~*~tactically~*~*~ (stealth).
  6454 | D:7      | 6454 ||| Stepping ~*~*~tactically~*~*~ (stealth).
  6460 | D:7      | Reached *** piety under Okawaru
  6462 | D:7      | 6462 ||| Stepping ~*~*~tactically~*~*~ (stealth).
  6463 | D:7      | 6463 ||| Stepping ~*~*~tactically~*~*~ (stealth).
  6464 | D:7      | 6464 ||| Stepping ~*~*~tactically~*~*~ (stealth).
  6466 | D:7      | 6466 ||| Stepping ~*~*~tactically~*~*~ (stealth).
  6467 | D:7      | 6467 ||| Stepping ~*~*~tactically~*~*~ (stealth).
  6492 | D:7      | 6492 ||| FLEEEEING.
  6517 | D:7      | Reached skill level 9 in Fighting
  6592 | D:7      | 6592 ||| Stepping ~*~*~tactically~*~*~ (hiding).
  6605 | D:7      | 6605 ||| Stepping ~*~*~tactically~*~*~ (hiding).
  6639 | D:7      | Identified the +4 flail of Viuvye {flame, rPois Will+++
                  | Int-4 Dex-3}
  6850 | D:7      | 6850 ||| Stepping ~*~*~tactically~*~*~ (stealth).
  6978 | D:7      | 6978 ||| Stepping ~*~*~tactically~*~*~ (water).
  6980 | D:7      | 6980 ||| INVOKING Heroism.
  6986 | D:7      | Paralysed by an orc warrior for 5 turns
  7026 | D:7      | 7026 ||| Stepping ~*~*~tactically~*~*~ (stealth).
  7058 | D:7      | Noticed a cyclops
  7059 | D:7      | 7059 ||| INVOKING Heroism.
  7073 | D:7      | Killed a cyclops
  7074 | D:7      | 7074 ||| Stepping ~*~*~tactically~*~*~ (stealth).
  7100 | D:7      | 7100 ||| Stepping ~*~*~tactically~*~*~ (stealth).
  7103 | D:7      | 7103 ||| Stepping ~*~*~tactically~*~*~ (stealth).
  7120 | D:7      | 7120 ||| FLEEEEING.
  7127 | D:7      | 7127 ||| FLEEEEING.
  7128 | D:7      | 7128 ||| FLEEEEING.
  7129 | D:7      | 7129 ||| FLEEEEING.
  7136 | D:7      | 7136 ||| FLEEEEING.
  7137 | D:7      | 7137 ||| FLEEEEING.
  7138 | D:7      | 7138 ||| FLEEEEING.
  7139 | D:7      | 7139 ||| FLEEEEING.
  7140 | D:7      | 7140 ||| FLEEEEING.
  7141 | D:7      | 7141 ||| FLEEEEING.
  7142 | D:7      | 7142 ||| FLEEEEING.
  7143 | D:7      | 7143 ||| FLEEEEING.
  7144 | D:7      | 7144 ||| FLEEEEING.
  7145 | D:7      | 7145 ||| FLEEEEING.
  7146 | D:7      | 7146 ||| FLEEEEING.
  7232 | D:7      | 7232 ||| Stepping ~*~*~tactically~*~*~ (stealth).
  7233 | D:7      | 7233 ||| Stepping ~*~*~tactically~*~*~ (stealth).
  7240 | D:7      | Reached XP level 11. HP: 69/71 MP: 14/14
  7252 | D:7      | 7252 ||| UPGRADING to +0 kite shield.
  7262 | D:7      | 7262 ||| DROPPING +0 buckler.
  7263 | D:7      | 7263 ||| UPGRADING to +0 plate armour.
  7273 | D:7      | 7273 ||| DROPPING +0 chain mail.
  7274 | D:7      | 7274 ||| READING scroll labelled YRCHUDD QOSO.
  7282 | D:7      | 7282 ||| Stepping ~*~*~tactically~*~*~ (stealth).
  7346 | D:8      | 7346 ||| INVOKING Heroism.
  7437 | D:8      | 7437 ||| Stepping ~*~*~tactically~*~*~ (stealth).
  7438 | D:8      | 7438 ||| Stepping ~*~*~tactically~*~*~ (stealth).
  7446 | D:8      | Reached skill level 6 in Shields
  7522 | D:8      | 7522 ||| Stepping ~*~*~tactically~*~*~ (hiding).
  7528 | D:8      | 7528 ||| INVOKING Heroism.
  7532 | D:8      | 7532 ||| Stepping ~*~*~tactically~*~*~ (hiding).
  7862 | D:8      | Found a broken altar of Ashenzari.
  7864 | D:8      | 7864 ||| DRINKING 2 purple potions.
  7941 | D:9      | 7941 ||| INVOKING Heroism.
  8058 | D:9      | Reached **** piety under Okawaru
  8062 | D:9      | 8062 ||| INVOKING Heroism.
  8154 | D:9      | 8154 ||| INVOKING Heroism.
  8182 | D:9      | 8182 ||| INVOKING Heroism.
  8402 | D:9      | Found a staircase to the Lair.
  8513 | D:9      | 8513 ||| INVOKING Heroism.
  8650 | D:9      | Identified the +1 spear "Jiystruf" {freeze, Fly rPois rF+}
  8674 | D:9      | Found a radiant altar of Vehumet.
  8675 | D:9      | 8675 ||| INVOKING Heroism.
  8769 | D:9      | 8769 ||| PLANNING LAIR
  8769 | D:9      | 8769 ||| UPGRADING to +5 ring of evasion.
  8786 | Lair:1   | Entered Level 1 of the Lair of Beasts
  8787 | Lair:1   | 8787 ||| INVOKING Heroism.
  8795 | Lair:1   | Reached skill level 9 in Shields
  8829 | Lair:1   | Noticed Gastronok
  8830 | Lair:1   | 8830 ||| Stepping ~*~*~tactically~*~*~ (stealth).
  8832 | Lair:1   | 8832 ||| INVOKING Heroism.
  8839 | Lair:1   | 8839 ||| Stepping ~*~*~tactically~*~*~ (hiding).
  8861 | Lair:1   | Killed Gastronok
  8993 | Lair:1   | Noticed a skyshark
  9005 | Lair:1   | Killed a skyshark
  9053 | Lair:1   | 9053 ||| INVOKING Heroism.
  9123 | Lair:1   | 9123 ||| INVOKING Heroism.
  9142 | Lair:1   | 9142 ||| Stepping ~*~*~tactically~*~*~ (stealth).
  9217 | Lair:1   | Reached ***** piety under Okawaru
  9229 | Lair:1   | 9229 ||| INVOKING Heroism.
  9236 | Lair:1   | Reached XP level 12. HP: 76/76 MP: 13/16
  9243 | Lair:1   | Reached skill level 6 in Invocations
  9497 | Lair:1   | Reached skill level 12 in Axes
  9956 | Lair:1   | 9956 ||| UPGRADING to +2 hat.
 10037 | Lair:2   | 10037 ||| INVOKING Heroism.
 10182 | Lair:2   | 10182 ||| INVOKING Heroism.
 10332 | Lair:2   | 10332 ||| Stepping ~*~*~tactically~*~*~ (stealth).
 10343 | Lair:2   | Identified the +0 buckler "Xikkagif" {Will+} (Okawaru
                  | gifted it to you on level 2 of the Lair of Beasts)
 10343 | Lair:2   | Received a gift from Okawaru
 10350 | Lair:2   | 10350 ||| FLEEEEING.
 10351 | Lair:2   | 10351 ||| FLEEEEING.
 10352 | Lair:2   | 10352 ||| FLEEEEING.
 10353 | Lair:2   | 10353 ||| FLEEEEING.
 10354 | Lair:2   | 10354 ||| FLEEEEING.
 10355 | Lair:2   | 10355 ||| FLEEEEING.
 10356 | Lair:2   | 10356 ||| FLEEEEING.
 10357 | Lair:2   | 10357 ||| FLEEEEING.
 10358 | Lair:2   | 10358 ||| FLEEEEING.
 10365 | Lair:2   | 10365 ||| FLEEEEING.
 10366 | Lair:2   | 10366 ||| FLEEEEING.
 10367 | Lair:2   | 10367 ||| STAIRDANCE
 10416 | Lair:2   | Noticed Erica
 10418 | Lair:2   | 10418 ||| Stepping ~*~*~tactically~*~*~ (hiding).
 10419 | Lair:2   | 10419 ||| Stepping ~*~*~tactically~*~*~ (hiding).
 10420 | Lair:2   | 10420 ||| INVOKING Heroism.
 10421 | Lair:2   | 10421 ||| INVOKING Finesse.
 10430 | Lair:2   | Killed Erica
 10462 | Lair:2   | 10462 ||| Stepping ~*~*~tactically~*~*~ (stealth).
 10463 | Lair:2   | 10463 ||| Stepping ~*~*~tactically~*~*~ (stealth).
 10548 | Lair:2   | Found a sparkling altar of Nemelex Xobeh.
 10592 | Lair:2   | 10592 ||| INVOKING Heroism.
 10835 | Lair:2   | 10835 ||| READING scroll of enchant weapon.
 10835 | Lair:2   | 10835 ||| ENCHANTING +4 war axe of freezing.
 11259 | Lair:3   | 11259 ||| INVOKING Heroism.
 11269 | Lair:3   | Reached skill level 9 in Invocations
 11317 | Lair:3   | Found a staircase to the Snake Pit.
 11343 | Lair:3   | 11343 ||| INVOKING Heroism.
 11364 | Lair:3   | Reached XP level 13. HP: 58/82 MP: 20/20
 11445 | Lair:3   | 11445 ||| INVOKING Heroism.
 11447 | Lair:3   | 11447 ||| SWAPPING to +0 morningstar of protection.
 11457 | Lair:3   | 11457 ||| SWAPPING to +5 war axe of freezing.
 11580 | Lair:3   | 11580 ||| INVOKING Heroism.
 11581 | Lair:3   | Found a staircase to the Swamp.
 11912 | Lair:3   | 11912 ||| Stepping ~*~*~tactically~*~*~ (stealth).
 11977 | Lair:3   | Noticed Josephine
 11986 | Lair:3   | Killed Josephine
 11987 | Lair:3   | Reached skill level 13 in Axes
 12127 | Lair:3   | 12127 ||| INVOKING Heroism.
 12465 | Lair:3   | 12465 ||| UPGRADING to +6 ring of strength.
 12466 | Lair:3   | 12466 ||| READING 2 scrolls of identify.
 12466 | Lair:3   | 12466 ||| IDENTIFYING brown potion
 12467 | Lair:3   | 12467 ||| DROPPING potion of berserk rage.
 12513 | Lair:4   | 12513 ||| INVOKING Heroism.
 12547 | Lair:4   | Reached skill level 3 in Throwing
 12549 | Lair:4   | 12549 ||| INVOKING Heroism.
 12589 | Lair:4   | 12589 ||| INVOKING Heroism.
 12592 | Lair:4   | 12592 ||| SWAPPING to +0 morningstar of protection.
 12601 | Lair:4   | 12601 ||| SWAPPING to +5 war axe of freezing.
 12690 | Lair:4   | 12690 ||| Stepping ~*~*~tactically~*~*~ (hiding).
 12692 | Lair:4   | 12692 ||| Stepping ~*~*~tactically~*~*~ (hiding).
 12697 | Lair:4   | 12697 ||| INVOKING Heroism.
 12731 | Lair:4   | 12731 ||| Stepping ~*~*~tactically~*~*~ (stealth).
 12733 | Lair:4   | 12733 ||| Stepping ~*~*~tactically~*~*~ (stealth).
 12735 | Lair:4   | 12735 ||| Stepping ~*~*~tactically~*~*~ (stealth).
 12748 | Lair:4   | 12748 ||| INVOKING Heroism.
 12866 | Lair:4   | 12866 ||| INVOKING Heroism.
 12956 | Lair:4   | 12956 ||| INVOKING Heroism.
 12967 | Lair:4   | Received a gift from Okawaru
 13011 | Lair:4   | Identified the +6 war axe of Xidodus {venom, Str-3 Int+6
                  | SInv Stlth-}
 13013 | Lair:4   | 13013 ||| SWAPPING to +6 war axe of Xidodus {venom, Str-3
                  | Int+6 SInv Stlth-}.
 13028 | Lair:4   | 13028 ||| INVOKING Heroism.
 13030 | Lair:4   | 13030 ||| SWAPPING to +0 morningstar of protection.
 13034 | Lair:4   | 13034 ||| SWAPPING to +6 war axe of Xidodus {venom, Str-3
                  | Int+6 SInv Stlth-}.
 13071 | Lair:4   | 13071 ||| Stepping ~*~*~tactically~*~*~ (stealth).
 13075 | Lair:4   | 13075 ||| Stepping ~*~*~tactically~*~*~ (stealth).
 13076 | Lair:4   | 13076 ||| Stepping ~*~*~tactically~*~*~ (stealth).
 13077 | Lair:4   | 13077 ||| Stepping ~*~*~tactically~*~*~ (stealth).
 13084 | Lair:4   | Reached skill level 9 in Armour
 13197 | Lair:4   | Found a staircase to the Slime Pits.
 13220 | Lair:4   | Noticed a quicksilver ooze
 13222 | Lair:4   | 13222 ||| INVOKING Heroism.
 13228 | Lair:4   | Killed a quicksilver ooze
 13233 | Lair:4   | Reached skill level 14 in Axes
 13381 | Lair:4   | Identified the +2 leather armour of the Morning {*Slow
                  | +Blink Dex+2}
 13550 | Lair:4   | 13550 ||| Stepping ~*~*~tactically~*~*~ (stealth).
 13551 | Lair:4   | 13551 ||| Stepping ~*~*~tactically~*~*~ (stealth).
 13552 | Lair:4   | 13552 ||| Stepping ~*~*~tactically~*~*~ (stealth).
 13553 | Lair:4   | 13553 ||| Stepping ~*~*~tactically~*~*~ (stealth).
 13554 | Lair:4   | 13554 ||| Stepping ~*~*~tactically~*~*~ (stealth).
 13556 | Lair:4   | 13556 ||| INVOKING Heroism.
 13557 | Lair:4   | 13557 ||| INVOKING Finesse.
 13724 | Lair:4   | 13724 ||| DROPPING ring of see invisible.
 13725 | Lair:4   | 13725 ||| READING scroll labelled QERIFO XANKON.
 13726 | Lair:4   | 13726 ||| READING 3 scrolls of identify.
 13726 | Lair:4   | 13726 ||| IDENTIFYING viscous purple potion
 13755 | Lair:5   | Entered Level 5 of the Lair of Beasts
 13757 | Lair:5   | Noticed qw's ghost (journeyman GrFi)
 13777 | Lair:5   | 13777 ||| INVOKING Heroism.
 13780 | Lair:5   | Gained mutation: Your large and strong wings let you fly.
                  | [Gargoyle growth]
 13780 | Lair:5   | Reached XP level 14. HP: 57/88 MP: 18/21
 13908 | Lair:5   | 13908 ||| INVOKING Heroism.
 13909 | Lair:5   | 13909 ||| Stepping ~*~*~tactically~*~*~ (stealth).
 13911 | Lair:5   | 13911 ||| Stepping ~*~*~tactically~*~*~ (stealth).
 13912 | Lair:5   | 13912 ||| Stepping ~*~*~tactically~*~*~ (stealth).
 13913 | Lair:5   | 13913 ||| SWAPPING to +0 morningstar of protection.
 13925 | Lair:5   | 13925 ||| Stepping ~*~*~tactically~*~*~ (stealth).
 13925 | Lair:5   | Found a transporter.
 13926 | Lair:5   | 13926 ||| SWAPPING to +6 war axe of Xidodus {venom, Str-3
                  | Int+6 SInv Stlth-}.
 14115 | Lair:5   | 14115 ||| READING scroll of acquirement.
 14115 | Lair:5   | 14115 ||| ACQUIRING +3 broad axe of venom
 14115 | Lair:5   | Acquired a +3 broad axe of venom
 14117 | Lair:5   | 14117 ||| SWAPPING to +3 broad axe of venom.
 14118 | Lair:5   | 14118 ||| DROPPING +6 war axe of Xidodus {venom, Str-3
                  | Int+6 SInv Stlth-}.
 14119 | Lair:5   | 14119 ||| DROPPING +5 war axe of freezing.
 14197 | Lair:5   | 14197 ||| INVOKING Heroism.
 14208 | Lair:5   | Received a gift from Okawaru
 14221 | Lair:5   | Reached skill level 12 in Shields
 14313 | Lair:5   | 14313 ||| INVOKING Heroism.
 14325 | Lair:5   | 14325 ||| INVOKING Finesse.
 14590 | Lair:5   | 14590 ||| Stepping ~*~*~tactically~*~*~ (stealth).
 14593 | Lair:5   | 14593 ||| Stepping ~*~*~tactically~*~*~ (stealth).
 14778 | Lair:5   | Found a transporter.
 14923 | Lair:5   | 14923 ||| INVOKING Heroism.
 14959 | Lair:5   | 14959 ||| Stepping ~*~*~tactically~*~*~ (stealth).
 14961 | Lair:5   | 14961 ||| Stepping ~*~*~tactically~*~*~ (hiding).
 14962 | Lair:5   | 14962 ||| INVOKING Finesse.
 14986 | Lair:5   | Received a gift from Okawaru
 15073 | Lair:5   | 15073 ||| Stepping ~*~*~tactically~*~*~ (stealth).
 15083 | Lair:5   | 15083 ||| Stepping ~*~*~tactically~*~*~ (stealth).
 15086 | Lair:5   | Reached skill level 15 in Axes
 15091 | Lair:5   | 15091 ||| INVOKING Heroism.
 15107 | Lair:5   | 15107 ||| INVOKING Finesse.
 15184 | Lair:5   | 15184 ||| INVOKING Heroism.
 15370 | Lair:5   | 15370 ||| PLANNING D:1-11
 15370 | Lair:5   | 15370 ||| READING scroll labelled NET CAALONYT.
 15525 | D:10     | Entered Level 10 of the Dungeon
 15536 | D:10     | Found a transporter.
 15544 | D:10     | Found a transporter.
 15558 | D:10     | Noticed irqconflict's ghost (novice DrCj)
 15561 | D:10     | Found a runed translucent door.
 15580 | D:10     | 15580 ||| Stepping ~*~*~tactically~*~*~ (hiding).
 15581 | D:10     | 15581 ||| Stepping ~*~*~tactically~*~*~ (hiding).
 15680 | D:10     | 15680 ||| Stepping ~*~*~tactically~*~*~ (hiding).
 15681 | D:10     | 15681 ||| Stepping ~*~*~tactically~*~*~ (hiding).
 15682 | D:10     | 15682 ||| Stepping ~*~*~tactically~*~*~ (hiding).
 15708 | D:10     | Noticed Amaemon
 15709 | D:10     | 15709 ||| Stepping ~*~*~tactically~*~*~ (hiding).
 15714 | D:10     | Reached skill level 12 in Fighting
 15722 | D:10     | Killed Amaemon
 15737 | D:10     | 15737 ||| Stepping ~*~*~tactically~*~*~ (stealth).
 15877 | D:10     | Received a gift from Okawaru
 15918 | D:10     | Found a basalt altar of Yredelemnul.
 15940 | D:10     | Identified the +1 buckler of Biatros {Str+3 Int-4} (Okawaru
                  | gifted it to you on level 10 of the Dungeon)
 15940 | D:10     | Received a gift from Okawaru
 16091 | D:10     | Found a transporter.
 16200 | D:10     | Found a transporter.
 16537 | D:10     | 16537 ||| Stepping randomly (stuck).
 16645 | D:11     | 16645 ||| Stepping ~*~*~tactically~*~*~ (stealth).
 16647 | D:11     | 16647 ||| Stepping ~*~*~tactically~*~*~ (hiding).
 16826 | D:11     | 16826 ||| Stepping ~*~*~tactically~*~*~ (hiding).
 16827 | D:11     | 16827 ||| Stepping ~*~*~tactically~*~*~ (hiding).
 16839 | D:11     | Reached XP level 15. HP: 96/96 MP: 22/22
 16874 | D:11     | Found a staircase to the Orcish Mines.
 16893 | D:11     | 16893 ||| FLEEEEING.
 16894 | D:11     | 16894 ||| FLEEEEING.
 16895 | D:11     | 16895 ||| FLEEEEING.
 16896 | D:11     | 16896 ||| Stepping ~*~*~tactically~*~*~ (hiding).
 16897 | D:11     | 16897 ||| Stepping ~*~*~tactically~*~*~ (hiding).
 16898 | D:11     | 16898 ||| Stepping ~*~*~tactically~*~*~ (hiding).
 16899 | D:11     | 16899 ||| Stepping ~*~*~tactically~*~*~ (hiding).
 17203 | D:11     | Identified the +2 cloak of Nuzois {rPois MP+9 Slay-5
                  | Stlth+}
 17376 | D:11     | 17376 ||| PLANNING D
 17376 | D:11     | 17376 ||| DROPPING +2 cloak of Nuzois {rPois MP+9 Slay-5
                  | Stlth+}.
 17377 | D:11     | 17377 ||| DROPPING +6 ring of dexterity.
 17378 | D:11     | 17378 ||| READING scroll labelled WYGIDO BEEGU.
 17436 | D:11     | 17436 ||| READING 4 scrolls of identify.
 17436 | D:11     | 17436 ||| IDENTIFYING blue potion
 17467 | D:12     | 17467 ||| STAIRDANCE
 17559 | D:12     | 17559 ||| INVOKING Heroism.
 17723 | D:12     | Noticed Lodul
 17724 | D:12     | 17724 ||| FLEEEEING.
 17725 | D:12     | 17725 ||| Stepping ~*~*~tactically~*~*~ (hiding).
 17728 | D:12     | 17728 ||| Stepping ~*~*~tactically~*~*~ (hiding).
 17729 | D:12     | 17729 ||| Stepping ~*~*~tactically~*~*~ (hiding).
 17730 | D:12     | 17730 ||| Stepping ~*~*~tactically~*~*~ (hiding).
 17739 | D:12     | Killed Lodul
 17761 | D:12     | Noticed Psyche
 17762 | D:12     | 17762 ||| Stepping ~*~*~tactically~*~*~ (hiding).
 17767 | D:12     | Killed Psyche
 17858 | D:12     | 17858 ||| INVOKING Heroism.
 17927 | D:12     | Noticed Nessos
 17937 | D:12     | Killed Nessos
 17938 | D:12     | Reached skill level 16 in Axes
 18013 | D:12     | Identified the +6 scale mail of the Secret Suns {rC+}
 18161 | D:12     | 18161 ||| UPGRADING to +6 scale mail of the Secret Suns
                  | {rC+}.
 18171 | D:12     | 18171 ||| DROPPING amulet of the acrobat.
 18172 | D:12     | 18172 ||| DRINKING 2 inky potions.
 18173 | D:12     | 18173 ||| READING 4 scrolls of identify.
 18173 | D:12     | 18173 ||| IDENTIFYING fuming orange potion
 18174 | D:12     | 18174 ||| DROPPING potion of invisibility.
 18175 | D:12     | 18175 ||| DROPPING potion of ambrosia.
 18452 | D:13     | 18452 ||| Stepping ~*~*~tactically~*~*~ (stealth).
 18592 | D:13     | 18592 ||| INVOKING Heroism.
 18593 | D:13     | Found a gate to the Vaults.
 18632 | D:13     | 18632 ||| Stepping ~*~*~tactically~*~*~ (hiding).
 18633 | D:13     | 18633 ||| Stepping ~*~*~tactically~*~*~ (hiding).
 18639 | D:13     | HP: 16/96 [deep elf pyromancer/bolt of fire (37)]
 18640 | D:13     | 18640 ||| READING 9 scrolls of teleportation.
 18641 | D:13     | 18641 ||| DRINKING 2 potions of heal wounds.
 18852 | D:13     | 18852 ||| Stepping ~*~*~tactically~*~*~ (hiding).
 18925 | D:13     | 18925 ||| Stepping ~*~*~tactically~*~*~ (hiding).
 18929 | D:13     | 18929 ||| Stepping ~*~*~tactically~*~*~ (hiding).
 18940 | D:13     | Received a gift from Okawaru
 19248 | D:13     | 19248 ||| READING scroll labelled DITIUN YMUIZ.
 19249 | D:13     | 19249 ||| READING 2 scrolls labelled YTIOMA USICEA.
 19250 | D:13     | 19250 ||| READING scroll of brand weapon.
 19250 | D:13     | 19250 ||| BRANDING +3 broad axe of protection.
 19251 | D:13     | 19251 ||| READING 4 scrolls of identify.
 19251 | D:13     | 19251 ||| IDENTIFYING smoky green potion
 19252 | D:13     | 19252 ||| DROPPING potion of brilliance.
 19302 | D:14     | 19302 ||| Stepping ~*~*~tactically~*~*~ (hiding).
 19303 | D:14     | 19303 ||| Stepping ~*~*~tactically~*~*~ (hiding).
 19356 | D:14     | 19356 ||| Stepping ~*~*~tactically~*~*~ (hiding).
 19358 | D:14     | 19358 ||| Stepping ~*~*~tactically~*~*~ (hiding).
 19363 | D:14     | 19363 ||| INVOKING Heroism.
 19497 | D:14     | You are sucked into a shaft and drop 1 floor!
 19497 | D:15     | Entered Level 15 of the Dungeon
 19509 | D:15     | 19509 ||| INVOKING Heroism.
 19513 | D:15     | Found a staircase to the Depths.
 19530 | D:15     | Received a gift from Okawaru
 19663 | D:15     | Found a hide-covered altar of Uskayaw.
 19664 | D:15     | 19664 ||| Stepping ~*~*~tactically~*~*~ (hiding).
 19733 | D:15     | 19733 ||| Stepping ~*~*~tactically~*~*~ (hiding).
 19734 | D:15     | 19734 ||| Stepping ~*~*~tactically~*~*~ (hiding).
 19735 | D:15     | 19735 ||| Stepping ~*~*~tactically~*~*~ (hiding).
 19946 | D:15     | 19946 ||| UPGRADING to +0 cloak of willpower.
 19956 | D:15     | 19956 ||| DROPPING +0 cloak.
 19957 | D:15     | 19957 ||| UPGRADING to +0 pair of gloves.
 19962 | D:15     | 19962 ||| DROPPING amulet of magic regeneration.
 19977 | D:14     | Reached skill level 17 in Axes
 19983 | D:14     | 19983 ||| INVOKING Heroism.
 20194 | D:14     | 20194 ||| Stepping ~*~*~tactically~*~*~ (hiding).
 20366 | D:14     | 20366 ||| Stepping ~*~*~tactically~*~*~ (hiding).
 20368 | D:14     | 20368 ||| Stepping ~*~*~tactically~*~*~ (hiding).
 20369 | D:14     | 20369 ||| Stepping ~*~*~tactically~*~*~ (hiding).
 20484 | D:14     | 20484 ||| Stepping ~*~*~tactically~*~*~ (stealth).
 20485 | D:14     | 20485 ||| Stepping ~*~*~tactically~*~*~ (stealth).
 20486 | D:14     | 20486 ||| Stepping ~*~*~tactically~*~*~ (stealth).
 20742 | D:14     | 20742 ||| FLEEEEING.
 20743 | D:14     | 20743 ||| FLEEEEING.
 20744 | D:14     | 20744 ||| FLEEEEING.
 20745 | D:14     | 20745 ||| FLEEEEING.
 20746 | D:14     | 20746 ||| FLEEEEING.
 20747 | D:14     | 20747 ||| FLEEEEING.
 20749 | D:14     | 20749 ||| STAIRDANCE
 20936 | D:14     | 20936 ||| INVOKING Heroism.
 20939 | D:14     | 20939 ||| Stepping ~*~*~tactically~*~*~ (hiding).
 21051 | D:15     | Reached XP level 16. HP: 101/104 MP: 23/23
 21094 | D:15     | 21094 ||| Stepping ~*~*~tactically~*~*~ (stealth).
 21103 | D:15     | Reached skill level 6 in Throwing
 21301 | D:15     | 21301 ||| Stepping ~*~*~tactically~*~*~ (hiding).
 21302 | D:15     | 21302 ||| Stepping ~*~*~tactically~*~*~ (hiding).
 21303 | D:15     | 21303 ||| Stepping ~*~*~tactically~*~*~ (hiding).
 21550 | D:15     | 21550 ||| READING scroll of enchant weapon.
 21550 | D:15     | 21550 ||| ENCHANTING +3 heavy broad axe.
 21669 | D:15     | 21669 ||| PLANNING ORC
 21820 | Orc:1    | Entered Level 1 of the Orcish Mines
 22114 | Orc:2    | Entered Level 2 of the Orcish Mines
 22143 | Orc:2    | 22143 ||| INVOKING Heroism.
 22205 | Orc:2    | Found Tehab's General Store.
 22216 | Orc:2    | 22216 ||| BUYING potion of attraction (39 gold).
 22216 | Orc:2    | Bought a potion of attraction for 39 gold pieces
 22216 | Orc:2    | 22216 ||| BUYING potion of curing (39 gold).
 22216 | Orc:2    | Bought a potion of curing for 39 gold pieces
 22216 | Orc:2    | 22216 ||| BUYING potion of enlightenment (65 gold).
 22216 | Orc:2    | Bought a potion of enlightenment for 65 gold pieces
 22216 | Orc:2    | 22216 ||| BUYING scroll of identify (26 gold).
 22216 | Orc:2    | Bought a scroll of identify for 26 gold pieces
 22216 | Orc:2    | 22216 ||| BUYING scroll of identify (26 gold).
 22216 | Orc:2    | Bought a scroll of identify for 26 gold pieces
 22252 | Orc:2    | Found a staircase to the Elven Halls.
 22252 | Orc:2    | Noticed Snorg
 22258 | Orc:2    | Killed Snorg
 22260 | Orc:2    | 22260 ||| INVOKING Heroism.
 22261 | Orc:2    | 22261 ||| INVOKING Finesse.
 22265 | Orc:2    | Found Caol's Jewellery Shoppe.
 22357 | Orc:2    | 22357 ||| BUYING amulet "Ruetey Moad" {Faith Dex+2} (563
                  | gold).
 22357 | Orc:2    | Bought the amulet "Ruetey Moad" {Faith Dex+2} for 563 gold
                  | pieces
 22357 | Orc:2    | 22357 ||| BUYING ring of protection from fire (275 gold).
 22357 | Orc:2    | Bought a ring of protection from fire for 275 gold pieces
 22362 | Orc:2    | 22362 ||| UPGRADING to amulet "Ruetey Moad" {Faith Dex+2}.
 22374 | Orc:2    | 22374 ||| Stepping ~*~*~tactically~*~*~ (stealth).
 22375 | Orc:2    | 22375 ||| Stepping ~*~*~tactically~*~*~ (stealth).
 22377 | Orc:2    | 22377 ||| Stepping ~*~*~tactically~*~*~ (stealth).
 22619 | Orc:2    | Found Duttuzi's Antique Weapon Shop.
 22632 | Orc:2    | 22632 ||| BUYING runed morningstar (140 gold).
 22632 | Orc:2    | Bought a runed morningstar for 140 gold pieces
 22632 | Orc:2    | 22632 ||| DROPPING +2 morningstar of venom.
 22734 | Orc:2    | 22734 ||| INVOKING Heroism.
 22735 | Orc:2    | Found Asura Roru's Antique Armour Shoppe.
 22744 | Orc:2    | Received a gift from Okawaru
 22750 | Orc:2    | Found Peahija's Jewellery Emporium.
 22755 | Orc:2    | Reached skill level 3 in Dodging
 22951 | Orc:2    | 22951 ||| BUYING amulet "Nywiph" {rF- rC+++ Regen+ rCorr
                  | SInv} (1122 gold).
 22951 | Orc:2    | Bought the amulet "Nywiph" {rF- rC+++ Regen+ rCorr SInv}
                  | for 1122 gold pieces
 22951 | Orc:2    | 22951 ||| SHOPLISTING ring "Yzeser" {Ice Str+3 SInv} (637
                  | gold, have 557).
 22964 | Orc:2    | 22964 ||| INVOKING Heroism.
 23095 | Orc:2    | 23095 ||| SHOPLISTING glowing plate armour (780 gold, have
                  | 557).
 23095 | Orc:2    | 23095 ||| BUYING pair of boots (135 gold).
 23095 | Orc:2    | Bought a pair of boots for 135 gold pieces
 23213 | Orc:2    | 23213 ||| PLANNING SNAKE:1-3
 23213 | Orc:2    | 23213 ||| UPGRADING to +0 pair of boots.
 23387 | Snake:1  | Entered Level 1 of the Snake Pit
 23405 | Snake:1  | 23405 ||| FLEEEEING.
 23406 | Snake:1  | 23406 ||| FLEEEEING.
 23407 | Snake:1  | 23407 ||| FLEEEEING.
 23408 | Snake:1  | 23408 ||| FLEEEEING.
 23409 | Snake:1  | 23409 ||| STAIRDANCE
 23486 | Snake:1  | 23486 ||| DROPPING +0 morningstar of protection.
 23487 | Snake:1  | 23487 ||| DROPPING -2 demon whip of venom.
 23509 | Snake:1  | Reached skill level 18 in Axes
 23512 | Snake:1  | 23512 ||| INVOKING Heroism.
 23513 | Snake:1  | Received a gift from Okawaru
 23795 | Snake:1  | 23795 ||| INVOKING Heroism.
 23799 | Snake:1  | 23799 ||| Stepping ~*~*~tactically~*~*~ (hiding).
 23800 | Snake:1  | 23800 ||| Stepping ~*~*~tactically~*~*~ (hiding).
 23934 | Snake:1  | 23934 ||| READING scroll of enchant armour.
 23934 | Snake:1  | 23934 ||| ENCHANTING +0 pair of gloves.
 23952 | Snake:1  | Identified the +8 chain mail "Sad Yne" {rCorr} (Okawaru
                  | gifted it to you on level 1 of the Snake Pit)
 23952 | Snake:1  | Received a gift from Okawaru
 23972 | Snake:1  | 23972 ||| INVOKING Heroism.
 24224 | Snake:1  | 24224 ||| Stepping ~*~*~tactically~*~*~ (hiding).
 24250 | Snake:1  | Found Upredil's Antique Weapon Shoppe.
 24285 | Snake:1  | Identified the +5 war axe of Bimefili {speed, Str+3 Int+3}
 24287 | Snake:1  | 24287 ||| SWAPPING to +5 war axe of Bimefili {speed, Str+3
                  | Int+3}.
 24307 | Snake:1  | 24307 ||| Stepping ~*~*~tactically~*~*~ (hiding).
 24309 | Snake:1  | 24309 ||| Stepping ~*~*~tactically~*~*~ (hiding).
 24313 | Snake:1  | 24313 ||| INVOKING Heroism.
 24364 | Snake:1  | 24364 ||| Stepping ~*~*~tactically~*~*~ (stealth).
 24522 | Snake:1  | Found Inovach's Weapon Shoppe.
 24739 | Snake:1  | 24739 ||| UPGRADING to +8 chain mail "Sad Yne" {rCorr}.
 24749 | Snake:1  | 24749 ||| DROPPING +0 plate armour.
 24750 | Snake:1  | 24750 ||| DROPPING +4 ring of protection.
 24838 | Snake:2  | 24838 ||| Stepping ~*~*~tactically~*~*~ (hiding).
 24839 | Snake:2  | 24839 ||| Stepping ~*~*~tactically~*~*~ (hiding).
 24843 | Snake:2  | 24843 ||| Stepping ~*~*~tactically~*~*~ (hiding).
 24962 | Snake:2  | 24962 ||| Stepping ~*~*~tactically~*~*~ (hiding).
 24964 | Snake:2  | 24964 ||| Stepping ~*~*~tactically~*~*~ (hiding).
 24966 | Snake:2  | 24966 ||| Stepping ~*~*~tactically~*~*~ (hiding).
 25096 | Snake:2  | Noticed Saint Roka
 25097 | Snake:2  | 25097 ||| INVOKING Heroism.
 25098 | Snake:2  | 25098 ||| INVOKING Finesse.
 25106 | Snake:2  | HP: 23/105 [Saint Roka/+1 battleaxe of venom (24)]
 25107 | Snake:2  | 25107 ||| READING 9 scrolls of teleportation.
 25108 | Snake:2  | 25108 ||| DRINKING potion of heal wounds.
 25109 | Snake:2  | HP: 3/105 [Saint Roka/divine providence (11)]
 25231 | Snake:2  | 25231 ||| INVOKING Heroism.
 25232 | Snake:2  | 25232 ||| INVOKING Finesse.
 25256 | Snake:2  | Killed Saint Roka
 25461 | Snake:2  | 25461 ||| Stepping ~*~*~tactically~*~*~ (stealth).
 25463 | Snake:2  | 25463 ||| INVOKING Heroism.
 25632 | Snake:2  | 25632 ||| Stepping ~*~*~tactically~*~*~ (hiding).
 25633 | Snake:2  | 25633 ||| Stepping ~*~*~tactically~*~*~ (hiding).
 25659 | Snake:2  | Reached XP level 17. HP: 105/111 MP: 24/24
 25729 | Snake:2  | 25729 ||| FLEEEEING.
 25730 | Snake:2  | 25730 ||| FLEEEEING.
 25731 | Snake:2  | 25731 ||| FLEEEEING.
 25732 | Snake:2  | 25732 ||| FLEEEEING.
 25746 | Snake:2  | 25746 ||| Stepping ~*~*~tactically~*~*~ (hiding).
 25873 | Snake:2  | 25873 ||| Stepping ~*~*~tactically~*~*~ (hiding).
 26074 | Snake:2  | 26074 ||| Stepping ~*~*~tactically~*~*~ (hiding).
 26078 | Snake:2  | 26078 ||| Stepping ~*~*~tactically~*~*~ (hiding).
 26189 | Snake:2  | 26189 ||| DROPPING +0 hand axe of flaming.
 26594 | Snake:2  | 26594 ||| DROPPING ring of wizardry.
 26773 | Snake:3  | 26773 ||| Stepping ~*~*~tactically~*~*~ (hiding).
 26775 | Snake:3  | 26775 ||| INVOKING Heroism.
 26845 | Snake:3  | Found a sacrificial altar of Ru.
 26851 | Snake:3  | 26851 ||| INVOKING Heroism.
 26852 | Snake:3  | 26852 ||| INVOKING Finesse.
 26924 | Snake:3  | Received a gift from Okawaru
 26963 | Snake:3  | 26963 ||| Stepping ~*~*~tactically~*~*~ (hiding).
 26981 | Snake:3  | 26981 ||| INVOKING Heroism.
 27097 | Snake:3  | Found a large runed translucent door.
 27115 | Snake:3  | Found Schrutan's Dragon-Slaying Spoils.
 27123 | Snake:3  | 27123 ||| SHOPLISTING +0 fire dragon scales (1140 gold,
                  | have 857).
 27123 | Snake:3  | 27123 ||| SHOPLISTING +0 gold dragon scales (1520 gold,
                  | have 857).
 27123 | Snake:3  | 27123 ||| SHOPLISTING +2 ice dragon scales (1368 gold, have
                  | 857).
 27166 | Snake:3  | 27166 ||| Stepping ~*~*~tactically~*~*~ (hiding).
 27167 | Snake:3  | 27167 ||| Stepping ~*~*~tactically~*~*~ (hiding).
 27172 | Snake:3  | 27172 ||| Stepping ~*~*~tactically~*~*~ (hiding).
 27180 | Snake:3  | Noticed Azrael
 27195 | Snake:3  | 27195 ||| INVOKING Heroism.
 27198 | Snake:3  | Killed Azrael
 27199 | Snake:3  | 27199 ||| Stepping ~*~*~tactically~*~*~ (hiding).
 27201 | Snake:3  | 27201 ||| Stepping ~*~*~tactically~*~*~ (hiding).
 27262 | Snake:3  | 27262 ||| Stepping ~*~*~tactically~*~*~ (stealth).
 27264 | Snake:3  | 27264 ||| Stepping ~*~*~tactically~*~*~ (stealth).
 27378 | Snake:3  | 27378 ||| Stepping ~*~*~tactically~*~*~ (hiding).
 27380 | Snake:3  | 27380 ||| Stepping ~*~*~tactically~*~*~ (stealth).
 27382 | Snake:3  | 27382 ||| INVOKING Heroism.
 27471 | Snake:3  | Found a large runed translucent door.
 27481 | Snake:3  | Noticed Bunnuime's ghost (adept DECj)
 27501 | Snake:3  | 27501 ||| INVOKING Heroism.
 27502 | Snake:3  | 27502 ||| Stepping ~*~*~tactically~*~*~ (hiding).
 27505 | Snake:3  | Noticed Vashnia
 27537 | Snake:3  | Killed Vashnia
 27538 | Snake:3  | 27538 ||| Stepping ~*~*~tactically~*~*~ (hiding).
 27545 | Snake:3  | 27545 ||| Stepping ~*~*~tactically~*~*~ (hiding).
 27546 | Snake:3  | 27546 ||| Stepping ~*~*~tactically~*~*~ (hiding).
 27548 | Snake:3  | 27548 ||| Stepping ~*~*~tactically~*~*~ (hiding).
 27858 | Snake:3  | 27858 ||| Stepping ~*~*~tactically~*~*~ (stealth).
 27917 | Snake:3  | Identified the ring of the Fifty Things {Fire Will++ Int-4
                  | Dex+4}
 27978 | Snake:3  | Reached skill level 15 in Fighting
 28277 | Snake:3  | 28277 ||| Stepping ~*~*~tactically~*~*~ (hiding).
 28284 | Snake:3  | 28284 ||| INVOKING Heroism.
 28424 | Snake:3  | 28424 ||| DROPPING ring of fire.
 28425 | Snake:3  | 28425 ||| PLANNING SWAMP:1-3
 28425 | Snake:3  | 28425 ||| UPGRADING to ring of the Fifty Things {Fire
                  | Will++ Int-4 Dex+4}.
 28505 | Swamp:1  | Entered Level 1 of the Swamp
 28506 | Swamp:1  | 28506 ||| INVOKING Heroism.
 28546 | Swamp:1  | 28546 ||| Stepping ~*~*~tactically~*~*~ (hiding).
 28547 | Swamp:1  | 28547 ||| Stepping ~*~*~tactically~*~*~ (hiding).
 28548 | Swamp:1  | 28548 ||| Stepping ~*~*~tactically~*~*~ (hiding).
 28649 | Swamp:1  | 28649 ||| Stepping ~*~*~tactically~*~*~ (cloud).
 28773 | Swamp:1  | Found a runed translucent gate.
 28773 | Swamp:1  | Found a runed translucent gate.
 28773 | Swamp:1  | Found a runed translucent gate.
 28797 | Swamp:1  | Noticed qw's ghost (adept GrFi)
 28797 | Swamp:1  | Noticed qw's ghost (adept GrHu)
 28798 | Swamp:1  | Noticed qw's ghost (adept GrFi)
 28888 | Swamp:1  | Identified the amulet "Himiom" {Spirit rC++ Will- Dex+4}
 28929 | Swamp:1  | 28929 ||| Stepping ~*~*~tactically~*~*~ (cloud).
 28943 | Swamp:1  | 28943 ||| INVOKING Heroism.
 29015 | Swamp:1  | 29015 ||| INVOKING Heroism.
 29263 | Swamp:1  | 29263 ||| DROPPING +6 ring of intelligence.
 29264 | Swamp:1  | 29264 ||| DROPPING ring of ice.
 29273 | Swamp:2  | 29273 ||| INVOKING Heroism.
 29275 | Swamp:2  | 29275 ||| SWAPPING to +1 hand axe of flaming.
 29282 | Swamp:2  | 29282 ||| SWAPPING to +5 war axe of Bimefili {speed, Str+3
                  | Int+3}.
 29300 | Swamp:2  | Reached skill level 12 in Armour
 29354 | Swamp:2  | 29354 ||| FLEEEEING.
 29355 | Swamp:2  | 29355 ||| FLEEEEING.
 29381 | Swamp:2  | 29381 ||| INVOKING Heroism.
 29387 | Swamp:2  | 29387 ||| SWAPPING to +1 hand axe of flaming.
 29395 | Swamp:2  | Received a gift from Okawaru
 29396 | Swamp:2  | 29396 ||| SWAPPING to +5 war axe of Bimefili {speed, Str+3
                  | Int+3}.
 29433 | Swamp:2  | 29433 ||| Stepping ~*~*~tactically~*~*~ (hiding).
 29435 | Swamp:2  | 29435 ||| Stepping ~*~*~tactically~*~*~ (stealth).
 29510 | Swamp:2  | 29510 ||| INVOKING Heroism.
 29543 | Swamp:2  | Identified the +4 hand axe "Beetlebane" {spect, Dex+4}
                  | (Okawaru gifted it to you on level 2 of the Swamp)
 29543 | Swamp:2  | Received a gift from Okawaru
 29544 | Swamp:2  | 29544 ||| Stepping ~*~*~tactically~*~*~ (cloud).
 29675 | Swamp:2  | 29675 ||| INVOKING Heroism.
 29753 | Swamp:2  | 29753 ||| Stepping ~*~*~tactically~*~*~ (stealth).
 30080 | Swamp:2  | Noticed Donald
 30081 | Swamp:2  | 30081 ||| INVOKING Heroism.
 30082 | Swamp:2  | 30082 ||| INVOKING Finesse.
 30092 | Swamp:2  | Killed Donald
 30093 | Swamp:2  | Reached skill level 15 in Shields
 30201 | Swamp:2  | 30201 ||| UPGRADING to +0 kite shield of reflection.
 30211 | Swamp:2  | 30211 ||| DROPPING +0 kite shield.
 30235 | Swamp:3  | 30235 ||| INVOKING Heroism.
 30412 | Swamp:3  | 30412 ||| INVOKING Heroism.
 30449 | Swamp:3  | Reached XP level 18. HP: 119/119 MP: 25/25
 30453 | Swamp:3  | 30453 ||| DROPPING +1 hand axe of flaming.
 30533 | Swamp:3  | Received a gift from Okawaru
 30536 | Swamp:3  | 30536 ||| INVOKING Heroism.
 30771 | Swamp:3  | 30771 ||| Stepping ~*~*~tactically~*~*~ (cloud).
 30875 | Swamp:3  | 30875 ||| PLANNING SNAKE:4
 30976 | Snake:4  | Entered Level 4 of the Snake Pit
 30981 | Snake:4  | 30981 ||| FLEEEEING.
 30988 | Snake:4  | 30988 ||| INVOKING Heroism.
 31001 | Snake:4  | 31001 ||| Stepping ~*~*~tactically~*~*~ (hiding).
 31031 | Snake:4  | 31031 ||| Stepping ~*~*~tactically~*~*~ (hiding).
 31036 | Snake:4  | 31036 ||| Stepping ~*~*~tactically~*~*~ (hiding).
 31043 | Snake:4  | Noticed Agnes
 31044 | Snake:4  | 31044 ||| INVOKING Heroism.
 31045 | Snake:4  | 31045 ||| INVOKING Finesse.
 31070 | Snake:4  | Killed Agnes
 31083 | Snake:4  | Reached skill level 6 in Dodging
 31133 | Snake:4  | Received a gift from Okawaru
 31152 | Snake:4  | Received a gift from Okawaru
 31188 | Snake:4  | HP: 29/121 [salamander/+0 halberd (6)]
 31189 | Snake:4  | 31189 ||| READING 9 scrolls of teleportation.
 31190 | Snake:4  | 31190 ||| DRINKING 2 potions of heal wounds.
 31213 | Snake:4  | 31213 ||| INVOKING Heroism.
 31215 | Snake:4  | 31215 ||| Stepping ~*~*~tactically~*~*~ (hiding).
 31216 | Snake:4  | 31216 ||| Stepping ~*~*~tactically~*~*~ (hiding).
 31219 | Snake:4  | 31219 ||| Stepping ~*~*~tactically~*~*~ (hiding).
 31250 | Snake:4  | 31250 ||| INVOKING Heroism.
 31381 | Snake:4  | Received a gift from Okawaru
 31413 | Snake:4  | Found Qusamy's Assorted Antiques.
 31428 | Snake:4  | 31428 ||| BUYING fuming amethyst potion (24 gold).
 31428 | Snake:4  | Bought a fuming amethyst potion for 24 gold pieces
 31428 | Snake:4  | 31428 ||| BUYING potion of attraction (81 gold).
 31428 | Snake:4  | Bought a potion of attraction for 81 gold pieces
 31449 | Snake:4  | 31449 ||| Stepping ~*~*~tactically~*~*~ (hiding).
 31451 | Snake:4  | 31451 ||| Stepping ~*~*~tactically~*~*~ (hiding).
 31485 | Snake:4  | 31485 ||| Stepping ~*~*~tactically~*~*~ (stealth).
 31487 | Snake:4  | 31487 ||| Stepping ~*~*~tactically~*~*~ (hiding).
 31537 | Snake:4  | 31537 ||| Stepping ~*~*~tactically~*~*~ (hiding).
 31692 | Snake:4  | 31692 ||| INVOKING Heroism.
 31708 | Snake:4  | 31708 ||| Stepping ~*~*~tactically~*~*~ (stealth).
 31709 | Snake:4  | 31709 ||| Stepping ~*~*~tactically~*~*~ (stealth).
 31712 | Snake:4  | 31712 ||| Stepping ~*~*~tactically~*~*~ (stealth).
 31873 | Snake:4  | 31873 ||| Stepping ~*~*~tactically~*~*~ (hiding).
 31875 | Snake:4  | 31875 ||| Stepping ~*~*~tactically~*~*~ (hiding).
 31878 | Snake:4  | 31878 ||| Stepping ~*~*~tactically~*~*~ (hiding).
 31935 | Snake:4  | 31935 ||| Stepping ~*~*~tactically~*~*~ (hiding).
 31951 | Snake:4  | Received a gift from Okawaru
 32120 | Snake:4  | 32120 ||| Stepping ~*~*~tactically~*~*~ (hiding).
 32122 | Snake:4  | 32122 ||| Stepping ~*~*~tactically~*~*~ (hiding).
 32160 | Snake:4  | 32160 ||| Stepping ~*~*~tactically~*~*~ (stealth).
 32180 | Snake:4  | 32180 ||| INVOKING Heroism.
 32198 | Abyss:1  | Cast into level 1 of the Abyss (naga)
 32210 | Abyss:1  | 32210 ||| Stepping ~*~*~tactically~*~*~ (stealth).
 32211 | Abyss:1  | 32211 ||| Stepping ~*~*~tactically~*~*~ (stealth).
 32214 | Abyss:1  | 32214 ||| Stepping ~*~*~tactically~*~*~ (stealth).
 32215 | Abyss:1  | 32215 ||| Stepping ~*~*~tactically~*~*~ (stealth).
 32216 | Abyss:1  | 32216 ||| Stepping ~*~*~tactically~*~*~ (stealth).
 32217 | Abyss:1  | 32217 ||| Stepping ~*~*~tactically~*~*~ (stealth).
 32273 | Abyss:1  | 32273 ||| Stepping ~*~*~tactically~*~*~ (hiding).
 32314 | Abyss:1  | 32314 ||| Stepping ~*~*~tactically~*~*~ (hiding).
 32341 | Abyss:1  | 32341 ||| Stepping ~*~*~tactically~*~*~ (stealth).
 32344 | Abyss:1  | 32344 ||| Stepping ~*~*~tactically~*~*~ (stealth).
 32346 | Abyss:1  | 32346 ||| Stepping ~*~*~tactically~*~*~ (stealth).
 32363 | Abyss:1  | 32363 ||| Stepping ~*~*~tactically~*~*~ (stealth).
 32435 | Abyss:1  | 32435 ||| Stepping ~*~*~tactically~*~*~ (stealth).
 32436 | Abyss:1  | 32436 ||| Stepping ~*~*~tactically~*~*~ (stealth).
 32437 | Abyss:1  | 32437 ||| Stepping ~*~*~tactically~*~*~ (stealth).
 32438 | Abyss:1  | 32438 ||| Stepping ~*~*~tactically~*~*~ (stealth).
 32439 | Abyss:1  | 32439 ||| Stepping ~*~*~tactically~*~*~ (stealth).
 32441 | Abyss:1  | 32441 ||| Stepping ~*~*~tactically~*~*~ (hiding).
 32468 | Abyss:1  | 32468 ||| Stepping ~*~*~tactically~*~*~ (stealth).
 32469 | Abyss:1  | 32469 ||| Stepping ~*~*~tactically~*~*~ (stealth).
 32538 | Abyss:1  | 32538 ||| Stepping ~*~*~tactically~*~*~ (stealth).
 32578 | Abyss:1  | 32578 ||| Stepping ~*~*~tactically~*~*~ (stealth).
 32591 | Abyss:1  | 32591 ||| Stepping ~*~*~tactically~*~*~ (stealth).
 32610 | Abyss:1  | Paralysed by accursed screaming for 1 turns
 32612 | Abyss:1  | 32612 ||| INVOKING Heroism.
 32616 | Abyss:1  | HP: 22/123 [smoke demon/divine providence (13)]
 32617 | Abyss:1  | 32617 ||| READING 8 scrolls of teleportation.
 32618 | Abyss:1  | 32618 ||| DRINKING potion of heal wounds.
 32620 | Abyss:1  | Paralysed by accursed screaming for 1 turns
 32621 | Abyss:1  | HP: 15/123 [smoke demon/divine providence (10)]
 32627 | Abyss:1  | HP: 1/123 [starcursed mass/accursed screaming (7)]
 32628 | Abyss:1  | Killed from afar by a smoke demon

Levels and vault maps discovered:
D:1:      tekkud_arrival_beachfront_property, layout_loops_ring,
          minmay_misc_feat_chi
D:2:      layout_loops_ring, basic_altar, amcnicky_mini_corridor_feature,
          grunt_decor_resistance, minmay_tiny_reverse_x
D:3:      layout_rooms, dreamdust_ecumenical_altar_statues,
          ebering_ghost_sewer_d, uniq_jessica
D:4:      layout_cave_pools, nicolae_hepliaklqana_hazy_memory,
          mainiacjoe_overflow_divided_tiny, serial_shops, shop,
          chequers_serial_rivers_room_a, kennysheep_minor_cross
D:5:      layout_basic, mainiacjoe_overflow_boulevard, minitemple, sigmund_army
D:6:      layout_gridville, nicolae_wu_jian_wuxing_cycle,
          minmay_temple_entry_purple_smoke, serial_shops, shop,
          kennysheep_generic_room_4, uniq_maggie, uniq_edmund
D:7:      lemuel_castle_with_subvaults [lemuel_castle_interior_carwin_1],
          layout_cave_pods, mainiacjoe_overflow_six_doors_small,
          mainiacjoe_overflow_alcove_4, xom_teletrap_fun
D:8:      layout_cave_pools, lemuel_coloured_pillars_altar
D:9:      layout_big_octagon, vehumet_statue, lair_entry_dummy
D:10:     layout_rooms, nicolae_yredelemnul_corpse_copse,
          hellmonk_ghost_happy_afterlife, nicolae_transporter_intersection,
          uniq_amaemon
D:11:     layout_long_grid, orc_0_dummy
D:12:     layout_rooms, uniq_psyche, uniq_nessos, uniq_lodul
D:13:     layout_loops_corners, lightli_vaults_fourway_checkpoint
D:14:     layout_stronghold
D:15:     hangedman_depths_entry_civil_slaughter, layout_stronghold,
          minmay_strange_pillars, chequers_avenue,
          eat_drink_and_be_merry_uskayaw
Lair:1:   layout_cave_pods, uniq_gastronok
Lair:2:   layout_layer_cave, basic_altar, uniq_erica
Lair:3:   layout_chaotic_city, minmay_swamp_entry_worms,
          minmay_snake_entry_guardpost_small, uniq_josephine
Lair:4:   layout_long_grid, dpeg_slime_entry_enclosed, st_stairs_8,
          nicolae_lair_time_for_slime
Lair:5:   evilmike_catoblepas_cave, layout_cave_pods, gammafunk_ghost_arena,
          chequers_serial_rivers_large_b, serial_bayou_lake_a
Swamp:1:  layout_basic_swamp, gammafunk_ghost_cemetery, serial_swamp_ruin,
          evilmike_swamp_ruin_rubble_1, evilmike_swamp_ruin_house_6
Swamp:2:  layout_basic_swamp, evilmike_swamp_ruin_house_1, swamp_pool2,
          nicolae_swamp_oxbows, uniq_donald
Swamp:3:  layout_falls_marsh, nicolae_swamp_ascending_descending
Snake:1:  layout_rooms, serial_curves, eino_curves_03, eino_curves_02,
          serial_shops, shop, hangedman_snake_pattern,
          chequers_hall_statues_wall_a, nicolae_snake_omega, minmay_shop_star,
          serial_bayou_shore_a
Snake:2:  kennysheep_six_static_rooms, layout_gridlike, uniq_saint_roka
Snake:3:  layout_basic, ebering_ghost_disaster_area, st_stairs_7,
          nicolae_snake_gridmaze_waves, grunt_ministairs_2,
          nicolae_shop_dragon_depot, lemuel_oklob_altar, uniq_vashnia,
          uniq_azrael
Snake:4:  johnstein_snake_rune_scales, layout_cave_town, serial_shops,
          nicolae_shop_statue_plus, uniq_agnes
Orc:1:    layout_diamond_mine
Orc:2:    grunt_orc_gardens, layout_caves, grunt_orc_garden, grunt_orc_garden,
          grunt_orc_garden, grunt_orc_garden, serial_shops, shop, uniq_snorg
Abyss:1:  base:
Swamp:3

Skill      XL: |  1  2  3  4  5  6  7  8  9 10 11 12 13 14 15 16 17 18 |
---------------+-------------------------------------------------------+-----
Axes           | 2 3 4 5 6 7 9 10 11 12 14 15 17 18 | 18.0
Fighting       | 4 5 6 7 9 10 12 13 14 15 17 | 17.0
Dodging        | 1 2 3 5 6 |  6.0
Throwing       | 1 4 5 7 8 |  8.1
Shields        | 4 5 10 11 12 13 15 16 | 16.0
Armour         | 4 5 7 8 9 10 12 13 | 13.0
Invocations    | 4 5 10 | 10.0

Action                     |  1- 3 |  4- 6 |  7- 9 | 10-12 | 13-15 | 16-18 || total
---------------------------+-------+-------+-------+-------+-------+-------++-------
  Melee: War axe           |   101 |    96 |   176 |   526 |   259 |  1129 ||  2287
         Morningstar       |       |       |       |       |    31 |       ||    31
         Broad axe         |       |       |       |       |   556 |   153 ||   709
         Hand axe          |       |       |       |       |       |    14 ||    14
  Throw: Boomerang         |       |    14 |    59 |   226 |     8 |    19 ||   326
         Javelin           |       |       |       |       |   116 |   147 ||   263
 Invoke: Heroism           |       |       |     5 |    24 |    27 |    36 ||    92
         Finesse           |       |       |       |     1 |     4 |     6 ||    11
    Use: Scroll            |     4 |     3 |     7 |     2 |    13 |     5 ||    34
         Potion            |       |       |     3 |     2 |     2 |     3 ||    10
   Stab: Petrified         |       |       |       |       |     3 |       ||     3
 Armour: Scale mail        |    34 |       |       |       |    80 |    69 ||   183
         Chain mail        |    17 |    30 |    86 |    62 |       |   287 ||   482
         Plate armour      |       |       |       |   121 |   315 |       ||   436
  Dodge: Dodged            |    49 |    26 |    43 |   148 |   335 |   393 ||   994
  Block: Buckler           |    27 |    26 |    70 |    57 |       |       ||   180
         Reflection        |       |     1 |     3 |    19 |    38 |    28 ||    89
         Kite shield       |       |       |       |   229 |   624 |   498 ||  1351

Table legend:
 A = Non-vault XP
 B = Vault XP
 C = Vault XP percentage of total XP
 D = Non-vault monster count
 E = Vault monster count
 F = Vault count percentage of total count
                 A         B        C        D         E       F
            +---------+---------+-------+---------+---------+-------
      Total |  211429 |   90403 |  30.0 |     742 |     242 |  24.6
            +---------+---------+-------+---------+---------+-------
        D:1 |      56 |       0 |   0.0 |      33 |       0 |   0.0
        D:2 |      50 |       4 |   7.4 |      16 |       2 |  11.1
        D:3 |      51 |      37 |  42.0 |      17 |       1 |   5.6
        D:4 |     457 |       0 |   0.0 |      18 |       0 |   0.0
        D:5 |    1077 |     249 |  18.8 |      22 |       2 |   8.3
        D:6 |    1178 |     765 |  39.4 |      25 |       4 |  13.8
        D:7 |    1961 |    3397 |  63.4 |      28 |      54 |  65.9
        D:8 |    1061 |       0 |   0.0 |      34 |       0 |   0.0
        D:9 |    2584 |      32 |   1.2 |      29 |       1 |   3.3
       D:10 |    1523 |    5063 |  76.9 |      11 |      13 |  54.2
       D:11 |    3149 |       0 |   0.0 |      22 |       0 |   0.0
       D:12 |    5046 |    3004 |  37.3 |      14 |      10 |  41.7
       D:13 |    5968 |    6403 |  51.8 |      18 |      12 |  40.0
       D:14 |   12846 |       0 |   0.0 |      28 |       0 |   0.0
       D:15 |    8595 |    3999 |  31.8 |      20 |       6 |  23.1
     Lair:1 |    6450 |    1559 |  19.5 |      28 |       1 |   3.4
     Lair:2 |    5769 |     828 |  12.6 |      26 |       1 |   3.7
     Lair:3 |   10446 |    3775 |  26.5 |      33 |      14 |  29.8
     Lair:4 |    9834 |    2660 |  21.3 |      32 |      10 |  23.8
     Lair:5 |   14829 |   10281 |  40.9 |      41 |      23 |  35.9
    Swamp:1 |   13022 |       0 |   0.0 |      24 |       0 |   0.0
    Swamp:2 |   14776 |    1371 |   8.5 |      33 |       1 |   2.9
    Swamp:3 |   10493 |       0 |   0.0 |      19 |       0 |   0.0
    Snake:1 |   17798 |    5490 |  23.6 |      33 |      11 |  25.0
    Snake:2 |   12332 |    6826 |  35.6 |      21 |      20 |  48.8
    Snake:3 |   11428 |   10093 |  46.9 |      21 |      17 |  44.7
    Snake:4 |   28242 |   15383 |  35.3 |      51 |      26 |  33.8
      Orc:1 |     621 |       0 |   0.0 |       8 |       0 |   0.0
      Orc:2 |     817 |    9184 |  91.8 |      19 |      13 |  40.6
    Abyss:1 |    8970 |       0 |   0.0 |      18 |       0 |   0.0
            +---------+---------+-------+---------+---------+-------
